 Dungeon Crawl Stone Soup version 0.30-a0-159-g068b764562 (webtiles) character file.

Game seed: 10339087624910783015

16 SensoryNuts the Trooper (level 2, -2/24 HPs)
             Began as a Demonspawn Fighter on Sept 27, 2022.
             Slain by an orc
             ... wielding a +0 dagger
              (4 damage)
             ... on level 2 of the Dungeon.
             The game lasted 00:00:37 (1241 turns).

SensoryNuts the Trooper (Demonspawn Fighter)        Turns: 1241, Time: 00:00:37

Health: -2/24      AC:  7    Str: 16    XL:     2   Next: 37%
Magic:  2/2        EV:  8    Int:  9    God:
Gold:   63         SH:  4    Dex: 12    Spells: 1/1 levels left

rFire   . . .      SeeInvis .    a - +0 war axe
rCold   . . .      Faith    .    c - +0 buckler
rNeg    . . .      Spirit   .    b - +0 scale mail
rPois   .          Reflect  .    (no helmet)
rElec   .          Harm     .    (no cloak)
rCorr   .          Rampage  .    (no gloves)
Will    .....                    (no boots)
Stlth   ..........               (no amulet)
HPRegen 0.08/turn                (no ring)
MPRegen 0.08/turn                (no ring)

@: mighty
A: rugged brown scales 1
a: no special abilities


You were on level 2 of the Dungeon.
You visited 1 branch of the dungeon, and saw 2 of its levels.

You collected 63 gold pieces.

Inventory:

Hand Weapons
 a - a +0 war axe (weapon)
Armour
 b - a +0 scale mail (worn)
 c - a +0 buckler (worn)
Scrolls
 e - a scroll of fear {unknown}
 f - a scroll of identify {unknown}
 g - 2 scrolls of vulnerability {unknown}
Potions
 h - a potion of heal wounds {unknown}


   Skills:
 + Level 3.2 Fighting
 * Level 2.1 Axes
 + Level 2.8 Armour
 + Level 2.9 Shields


You had one spell level left.
You didn't know any spells.
Your spell library was empty.

Dungeon Overview and Level Annotations

Branches:
Dungeon (2/15)

Altars:
Trog


Innate Abilities, Weirdness & Mutations

You are partially covered in rugged brown scales. (AC +1, +3% HP)


Message History

You bump into the rock wall.
Something hits you.
You closely miss the endoplasm. You miss something.
You feel less confused. Something hits you but does no damage.
The endoplasm hits you but does no damage.
The endoplasm closely misses you.
You completely miss the orc. You hit the endoplasm.
You block the endoplasm's attack.
An orc comes into view. It is wielding a +0 short sword.
Something hits you but does no damage.
You hear some strange, mumbled words.
A magic dart appears from out of thin air!
The magic dart hits you. The orc barely misses you. The endoplasm hits you.
You closely miss something. You hit the endoplasm.
You kill the endoplasm!
You completely miss the orc. You barely miss something.
Something hits you but does no damage.
You hear some strange, mumbled words.
A magic dart appears from out of thin air!
The magic dart hits you.
* * * LOW HITPOINT WARNING * * *
The orc hits you but does no damage.
You feel very mighty all of a sudden. Something hits you.
* * * LOW HITPOINT WARNING * * *
Something hits you.
* * * LOW HITPOINT WARNING * * *
The orc completely misses you.
You closely miss something. You closely miss the orc.
You closely miss something. You barely miss the orc.
An orc wizard appears from thin air!
Reactivating autopickup.
The orc hits you with a +0 short sword.
* * * LOW HITPOINT WARNING * * *
The orc wizard casts a spell at you. You resist with significant effort.
Something hits you.
* * * LOW HITPOINT WARNING * * *
Deactivating autopickup; reactivate with Ctrl-A.
The orc hits you but does no damage. The orc hits you with a +0 dagger.
You die...

. #..# .#..... #
#.##..# .
#.#.##..### #
#......... #
#..)..# # #.##.## #
#.#o..## # #
#.@{#..##.# #
#oo###.... #
#...#..#### #
#.#...## #######
#.##.## .......
#.##..#############
#..................
#.###.#############
#. #.#


You could see an orc wizard and 2 orcs.

Vanquished Creatures
  2 dart slugs (D:1)
  2 endoplasms
  2 hobgoblins (D:1)
  A quokka (D:1)
  A bat (D:1)
  A frilled lizard (D:1)
  2 goblins
  A kobold (D:1)
12 creatures vanquished.

Notes
Turn   | Place    | Note
-------+----------+-------------------------------------------
     0 | D:1      | SensoryNuts the Demonspawn Fighter began the quest for the
                  | Orb.
     0 | D:1      | Reached XP level 1. HP: 18/18 MP: 1/1
   427 | D:1      | Gained mutation: You are partially covered in rugged brown
                  | scales. (AC +1, +3% HP) [demonic ancestry]
   427 | D:1      | Reached XP level 2. HP: 13/24 MP: 2/2
  1203 | D:2      | Found a bloodstained altar of Trog.
  1241 | D:2      | Slain by an orc

Illustrated notes

Levels and vault maps discovered:
D:1:      dpeg_arrival_snail, layout_basic, minmay_misc_feat_pillars,
          chequers_jeans
D:2:      layout_loops_ring, shapermc_ecumenical_altar_venn, basic_altar,
          kennysheep_doodads, minmay_goblin_outpost

Skill      XL: |  1 |
---------------+----+-----
Axes           | 2 |  2.1
Fighting       | |  3.2
Armour         | |  2.8
Shields        | |  2.9

Action                   || total
-------------------------++-------
Melee: War axe           ||    41
  Use: Potion            ||     1
Armor: Scale mail        ||    27
Dodge: Dodged            ||    21
Block: Buckler           ||     8

Table legend: (Time is in decaauts)
 A = Elapsed time spent in this place.
 B = Non-inter-level travel time spent in this place.
 C = Inter-level travel time spent in this place.
 D = Time resting spent in this place.
 E = Time spent auto-exploring this place.
 F = Levels seen in this place.
 G = Mean time per level.
                   A        B        C        D        E       F      G
               +--------+--------+--------+--------+--------+-----+--------+
         Total |   1258 |   1126 |    132 |      0 |   1002 |   2 |  629.0 |
       Dungeon |   1258 |   1126 |    132 |      0 |   1002 |   2 |  629.0 |
               +--------+--------+--------+--------+--------+-----+--------+

Top non-repeatable levels by time:
     D:1: 1194 daAuts
     D:2: 63 daAuts
